AoeStats
← testaoe42

Nomad

510745115Analyzed
3v3 RM · 9h ago on Oct 2, 2026· 42m 42s· 6 players
Game mode
Random Map
Map size
210×210
Population
200
Speed
Normal
Resources
Standard
Victory
Conquest
Starting age
Dark Age
Ending age
Imperial Age
RankedLock teamsTeams togetherTeam positionsShared explorationLock speedFull tech treeHidden civsTurbo modeCheats
Victory
Defeat
🇦🇷 Chinese · Argentina
1004
+18
🇬🇧 Japanese · United Kingdom
996
+18
🇨🇿 Magyars · Czechia
952
+61
🇹🇼 Japanese · Taiwan
1109
-22
🇭🇰 Vikings · Hong Kong SAR China
1026
-18
🇹🇼 Varangians · Taiwan
976
-16
森永
14:04 Loom
16:06 Feudal Age
17:26 Double-Bit Axe
22:07 Castle Age
20:13 Horse Collar
22:28 Forging
22:11 Arson
23:48 Squires
25:41 Gambesons
35:57 Pikeman
38:11 Scale Mail Armor
一杯冰美式
3:40 Loom
4:49 Loom
15:40 Feudal Age
16:27 Town Watch
18:30 Double-Bit Axe
21:55 Castle Age
19:51 Fishing Lines
20:33 Gold Mining
20:59 Stone Mining
23:00 Medium Warships
22:42 Gillnets
23:14 Bow Saw
25:32 Gold Shaft Mining
26:59 Wheelbarrow
31:48 Imperial Age
31:13 Hand Cart
33:16 Forging
33:07 Scale Mail Armor
34:31 Town Patrol
36:10 Elite Samurai
37:17 Conscription
37:32 Chain Mail Armor
38:47 Plate Mail Armor
38:53 Iron Casting
40:33 Plate Mail Armor
40:39 Iron Casting
陳
14:28 Feudal Age
13:32 Loom
19:55 Castle Age
33:17 Double-Bit Axe
39:56 Horse Collar
testaoe42
4:27 Loom
12:50 Feudal Age
16:38 Double-Bit Axe
16:59 Horse Collar
19:30 Scale Barding Armor
23:43 Castle Age
22:10 Bloodlines
23:57 Light Cavalry
24:59 Chain Barding Armor
26:12 Bow Saw
28:41 Wheelbarrow
30:27 Husbandry
31:49 Hand Cart
37:09 Imperial Age
37:39 Hussar
39:23 Plate Barding Armor
SGSCavalry80
12:36 Loom
14:53 Feudal Age
15:33 Double-Bit Axe
17:59 Fishing Lines
19:17 Wheelbarrow
20:57 Castle Age
18:48 Arson
19:35 Stone Mining
20:14 Horse Collar
20:51 Gold Mining
23:11 Heavy Plow
23:38 Forging
23:29 Scale Mail Armor
25:44 Iron Casting
27:45 Town Watch
33:02 Imperial Age
30:52 Hand Cart
32:27 Chain Mail Armor
33:16 Squires
36:29 Blast Furnace
36:00 Plate Mail Armor
35:21 Fletching
36:33 Kataparuto
37:28 Elite Samurai
38:30 Conscription
*CABJ*
3:25 Loom
16:14 Feudal Age
22:03 Castle Age
20:27 Horse Collar
20:36 Double-Bit Axe
29:05 Fletching
30:35 Wheelbarrow
30:16 Bow Saw
35:23 Imperial Age
33:13 Heavy Plow
33:17 Padded Archer Armor
33:57 Hand Cart
33:45 Bodkin Arrow
33:56 Scale Barding Armor
34:47 Forging
33:59 Light Cavalry
35:11 Leather Archer Armor
35:58 Ballistics
36:27 Chain Barding Armor
36:08 Bracer
37:11 Chemistry
37:35 Iron Casting
37:37 Ring Archer Armor
37:42 Masonry
38:14 Bloodlines
38:53 Plate Barding Armor
38:58 Husbandry
41:28 Blast Furnace
Connection lost

Rejoining the realm…

Still unreachable

The connection could not be restored.

Session expired

The server has moved on; the page needs a fresh start.